 Dungeon Crawl Stone Soup version 0.30.0 (webtiles) character file.

Game seed: 11635507693824831777

507 Firecrotchwizard the Chopper (level 6, -1/85 HPs)
             Began as a Minotaur Berserker on May 6, 2023.
             Was a Believer of Trog.
             Succumbed to a gnoll's poison
             ... on level 4 of the Dungeon.
             The game lasted 00:03:51 (2604 turns).

Firecrotchwizard the Chopper (Minotaur Berserker)   Turns: 2604, Time: 00:03:52

Health: -1/85      AC: 10    Str: 22    XL:     6   Next: 97%
Magic:  5/5        EV:  9    Int:  6    God:    Trog [**....]
Gold:   117        SH:  0    Dex:  9    Spells: 5/5 levels left

rFire   . . .        a - +0 hand axe
rCold   . . .        (no shield)
rNeg    . . .        k - +0 chain mail
rPois   .            (helmet restricted)
rElec   .            d - scarf {+Inv}
rCorr   .            (no gloves)
SInv    .            e - +0 pair of boots
Will    ++...        (no amulet) Stlth
                     (no ring)
HPRegen 1.34/turn    (no ring)
MPRegen 0.09/turn

%: no passive effects
@: berserking, lethally poisoned (-1 -> -10), strong-willed, regenerating, very
quick
A: horns 2, retaliatory headbutt
a: Renounce Religion, Evoke Invisibility, Berserk, Trog's Hand


You were on level 4 of the Dungeon.
You worshipped Trog.
Trog was pleased with you.
You visited 1 branch of the dungeon, and saw 4 of its levels.

You collected 117 gold pieces.

Inventory:

Hand Weapons
 a - a +0 hand axe (weapon)
 u - a +0 battleaxe
 v - a +1 battleaxe
Missiles
 l - 2 javelins (quivered)
Armour
 b - a +0 animal skin
 d - a scarf of invisibility (worn)
 e - a +0 pair of boots (worn)
 k - a +0 chain mail (worn)
Jewellery
 i - a ring of ice
 n - a ring of fire
 p - a ring of magical power
Scrolls
 f - a scroll of noise {unknown}
 h - a scroll of blinking {unknown}
 q - a scroll of vulnerability {unknown}
 r - 2 scrolls of summoning {unknown}
 s - 2 scrolls of identify {unknown}
Potions
 c - a potion of degeneration {unknown}
 g - a potion of cancellation {unknown}
 j - 4 potions of curing {unknown}
 m - a potion of heal wounds {unknown}
 o - a potion of invisibility {unknown}
 t - a potion of brilliance {unknown}


   Skills:
 + Level 6.1 Fighting
 * Level 7.6 Axes
 - Level 3.2 Armour
 - Level 2.8 Dodging


You had 5 spell levels left.
You didn't know any spells.
Your spell library was empty.

Dungeon Overview and Level Annotations

Branches:
Dungeon (4/15)
 Temple: D:4-7

Altars:

Shops:
D:1 :   D:4 (


Innate Abilities, Weirdness & Mutations

You have a pair of horns on your head.
You reflexively headbutt those who attack you in melee.


Message History

The gnoll closely misses you.
Your skin crawls.
You feel strong-willed.
* * * LOW HITPOINT WARNING * * *
You feel extremely sick. The gnoll hits you but does no damage.
The gnoll closely misses you. x2
Unknown command.
A red film seems to cover your vision as you go berserk!
You feel yourself moving faster!
You feel mighty!
* * * LOW HITPOINT WARNING * * *
You feel very sick.
The gnoll hits you with a +0 dagger of venom.
* * * LOW HITPOINT WARNING * * *
You are lethally poisoned!
The gnoll closely misses you. x2; You furiously retaliate!
You headbutt the gnoll!
You kill the gnoll!
Trog accepts your kill.
Found Punutt's Weapon Shoppe.
You feel a strong urge to attack something.
* * * LOW HITPOINT WARNING * * *
You feel very sick.
The gnoll barely misses you. x2; You furiously retaliate!
You headbutt the gnoll!
Items here: $ ( )) ? [ †.
You slash the gnoll!
You kill the gnoll!
Trog accepts your kill.
You hit the gnoll.
* * * LOW HITPOINT WARNING * * *
You feel very sick. The gnoll barely misses you.
You hit the gnoll but do no damage. You headbutt the gnoll.
The gnoll is severely wounded.
* * * LOW HITPOINT WARNING * * *
You feel very sick.
You slash the gnoll!
You kill the gnoll!
Trog accepts your kill.
You die...

.....####.............#
..... #.............#
..... +.............#
.... #.............#
... #######.......#
#.......# #.......#
######.......#
#...@........#
..†...))........#
∩...............#
...............(#
...#............+ ..
#............# .
.............#
########'#....


There were no monsters in sight!

Vanquished Creatures
  5 wights (D:4)
  A howler monkey (D:4)
  A sleepcap (D:4)
  An iguana (D:4)
  4 gnolls (D:4)
  5 adders
  2 worms (D:2)
  A dart slug (D:3)
  4 orcs (D:4)
  3 bats (D:2)
  4 endoplasms
  3 giant cockroaches (D:1)
  6 hobgoblins
  2 jackals (D:1)
  5 kobolds
  4 quokkas (D:2)
  10 ball pythons
  2 frilled lizards
  8 goblins
  5 rats
76 creatures vanquished.

Notes
Turn   | Place    | Note
-------+----------+-------------------------------------------
     0 | D:1      | Firecrotchwizard the Minotaur Berserker began the quest for
                  | the Orb.
     0 | D:1      | Reached XP level 1. HP: 19/19 MP: 0/0
   111 | D:1      | Reached XP level 2. HP: 23/27 MP: 1/1
   246 | D:1      | Reached skill level 4 in Axes
   306 | D:1      | Found Daedaz's Book Shop.
   318 | D:1      | Reached ** piety under Trog
   515 | D:2      | Reached XP level 3. HP: 32/33 MP: 2/2
  1674 | D:3      | Reached XP level 4. HP: 41/41 MP: 3/3
  1963 | D:4      | Reached skill level 5 in Axes
  1967 | D:4      | Reached XP level 5. HP: 32/47 MP: 4/4
  1970 | D:4      | Reached skill level 5 in Fighting
  1970 | D:4      | Reached skill level 6 in Axes
  2125 | D:4      | Reached XP level 6. HP: 5/56 MP: 5/5
  2316 | D:4      | Reached skill level 7 in Axes
  2551 | D:4      | Reached *** piety under Trog
  2601 | D:4      | Found Punutt's Weapon Shoppe.
  2602 | D:4      | HP: 4/85 [poisoned by a gnoll]
  2604 | D:4      | Succumbed to a gnoll's poison

Illustrated notes

Levels and vault maps discovered:
D:1:      amcnicky_arrival_blooded_trapdoor, layout_rooms, serial_shops,
          nicolae_book_shop_shelving, chequers_serial_rivers_micro_e
D:2:      minmay_chambers_of_ones, layout_basic, serial_co_window_serial,
          co_window_paths_b, co_window_corner_a, co_window_of_opportunity_a,
          co_window_paths_b, co_window_paths_a, co_window_of_opportunity_c,
          co_window_paths_c, co_window_corner_ca, co_window_unsneaky_path_d,
          co_window_broadway_a, co_window_of_opportunity_c,
          co_window_broadway_a, co_window_paths_e, glass_columns_a,
          glass_columns_b, chequers_serial_rivers_room_b
D:3:      layout_basic
D:4:      layout_gridville, minmay_temple_entry_tees, serial_shops,
          nicolae_shop_bloodbath_and_beyond

Skill      XL: |  1  2  3  4  5  6 |
---------------+-------------------+-----
Axes           | 4 5 6 7 |  7.6
Armour         | 3 |  3.2
Fighting       | 4 5 6 |  6.1
Dodging        | |  2.8

Action                     |  1- 3 |  4- 6 || total
---------------------------+-------+-------++-------
  Melee: Hand axe          |    79 |    57 ||   136
         Headbutt          |    14 |    19 ||    33
         Punch             |     2 |       ||     2
         Battleaxe         |       |    18 ||    18
 Invoke: Berserk           |       |     1 ||     1
         Trog's Hand       |       |     1 ||     1
 Armour: Animal skin       |     7 |       ||     7
         Chain mail        |    19 |    29 ||    48
  Dodge: Dodged            |    41 |    39 ||    80
